AoeStats
← meditator27

Black Forest

507690734Analyzed
4v4 RM · 11d ago on Sep 19, 2026· 41m 17s· 8 players
Game mode
Random Map
Map size
Large (8 player)
Population
200
Speed
Normal
Resources
Standard
Victory
Conquest
Starting age
Dark Age
Ending age
Imperial Age
RankedLock teamsTeams togetherTeam positionsShared explorationLock speedFull tech treeHidden civsTurbo modeCheats
Victory
Defeat
🇨🇳 Tupi · China
1383
+13
🇮🇳 Turks · India
1350
+15
🇨🇳 Goths · China
1334
+16
🇨🇳 Lithuanians · China
1258
+18
🇸🇪 Turks · Sweden
1365
-17
🇬🇧 Burgundians · United Kingdom
1332
-16
🇩🇪 Saracens · Germany
1308
-15
🇹🇼 Bohemians · Taiwan
1290
-14
FirstPine3880
3:29 Double-Bit Axe
7:49 Fishing Lines
12:38 Feudal Age
16:24 Castle Age
14:54 Bow Saw
15:15 Gillnets
15:15 Horse Collar
23:04 Heavy Plow
25:11 Wheelbarrow
26:48 Two-Man Saw
26:15 Gold Mining
26:16 Stone Mining
27:46 Crop Rotation
27:54 Gold Shaft Mining
29:16 Stone Shaft Mining
29:45 Hand Cart
29:15 Loom
32:56 Imperial Age
30:15 Treadmill Crane
31:25 Padded Archer Armor
32:01 Squires
31:21 Pikeman
32:32 Leather Archer Armor
32:18 Scale Mail Armor
32:29 Forging
34:42 Chemistry
34:17 Chain Mail Armor
33:45 Halberdier
34:40 Burgundian Vineyards
34:57 Conscription
38:16 Plate Mail Armor
38:22 Iron Casting
39:34 Flemish Revolution
nikias.marquardt
1:38 Loom
11:26 Feudal Age
16:14 Castle Age
14:12 Double-Bit Axe
18:21 Scale Barding Armor
18:38 Horse Collar
26:42 Heavy Plow
27:48 Bow Saw
29:32 Wheelbarrow
28:58 Town Watch
32:07 Imperial Age
31:28 Bloodlines
31:45 Chain Barding Armor
32:18 Onager
32:34 Heavy Camel Rider
34:38 Chemistry
34:39 Heavy Camel Rider
meditator27
11:34 Feudal Age
11:12 Loom
12:16 Double-Bit Axe
18:34 Castle Age
16:47 Fishing Lines
17:15 Horse Collar
19:29 Bow Saw
20:19 Gillnets
24:04 Wheelbarrow
34:26 Imperial Age
34:35 Imperial Age
35:02 Chemistry
33:33 Pikeman
Stuve
0:26 Loom
13:15 Feudal Age
17:33 Castle Age
16:29 Gold Mining
16:27 Double-Bit Axe
16:50 Horse Collar
26:53 Bow Saw
26:44 Heavy Plow
26:33 Town Watch
28:26 Wheelbarrow
31:25 Imperial Age
30:30 Stone Mining
33:14 Conscription
34:24 Conscription
34:25 Conscription
苏东坡的粉丝
0:28 Loom
15:40 Feudal Age
19:57 Castle Age
17:57 Double-Bit Axe
17:58 Horse Collar
19:01 Gold Mining
19:39 Scale Mail Armor
19:07 Man-at-Arms
19:53 Fishing Lines
21:07 Bow Saw
21:49 Long Swordsman
24:20 Chain Mail Armor
24:23 Squires
27:29 Forging
31:08 Wheelbarrow
34:10 Stone Mining
35:58 Hand Cart
35:59 Heavy Plow
41:46 Imperial Age
39:25 Fletching
39:35 Padded Archer Armor
41:42 Iron Casting
41:38 Ballistics
41:45 Bodkin Arrow
迪酒不沾丶
11:34 Feudal Age
12:40 Double-Bit Axe
13:08 Horse Collar
15:35 Castle Age
16:42 Bow Saw
18:27 Wheelbarrow
18:12 Fishing Lines
20:10 Heavy Plow
20:35 Gillnets
28:32 Imperial Age
25:57 Gold Mining
26:53 Hand Cart
26:24 Loom
26:25 Town Watch
26:48 Scale Barding Armor
28:42 Chain Barding Armor
28:33 Forging
28:44 Town Patrol
29:36 Bloodlines
29:26 Husbandry
28:46 Cavalier
30:03 Conscription
31:02 Plate Barding Armor
31:02 Iron Casting
31:26 Paladin
33:32 Caravan
37:46 Coinage
ayushdy2004
11:19 Feudal Age
15:16 Castle Age
13:31 Double-Bit Axe
18:31 Bow Saw
21:17 Horse Collar
22:54 Wheelbarrow
22:54 Heavy Plow
24:28 Gold Mining
26:05 Gold Shaft Mining
26:26 Hand Cart
26:34 Loom
26:35 Town Watch
26:35 Town Watch
30:16 Imperial Age
28:08 Padded Archer Armor
29:16 Stone Mining
29:35 Fletching
30:01 Leather Archer Armor
29:55 Town Patrol
31:03 Artillery
31:02 Bodkin Arrow
31:15 Scale Barding Armor
31:21 Forging
32:09 Husbandry
32:20 Bloodlines
33:48 Chain Barding Armor
34:05 Iron Casting
39:50 Ballistics
39:51 Bombard Tower
39:53 Conscription
38:56 Elite Janissary
40:45 Ring Archer Armor
40:11 Bodkin Arrow
心如止水
0:41 Loom
12:15 Feudal Age
15:58 Castle Age
14:38 Double-Bit Axe
15:30 Fletching
16:17 Gold Mining
18:58 Bodkin Arrow
24:59 Horse Collar
25:28 Fishing Lines
28:11 Bow Saw
30:05 Wheelbarrow
29:36 Heavy Plow
34:03 Imperial Age
31:49 Padded Archer Armor
31:40 Town Watch
32:15 Gillnets
32:31 Stone Mining
33:04 Hand Cart
33:58 Leather Archer Armor
34:19 Ballistics
34:29 Scale Mail Armor
34:47 Caciques
34:07 Champi Runner
34:47 Squires
34:33 Arson
34:57 Bracer
34:19 Elite Blackwood Archer
35:46 Conscription
35:32 Curare
34:54 Champi Warrior
36:46 Ring Archer Armor
36:27 Elite Champi Warrior
37:25 Chain Mail Armor
37:25 Forging
38:38 Plate Mail Armor
39:49 Chemistry
39:28 Gold Shaft Mining
39:05 Caravan
40:02 Iron Casting
41:33 Two-Man Saw
Connection lost

Rejoining the realm…

Still unreachable

The connection could not be restored.

Session expired

The server has moved on; the page needs a fresh start.